 Dungeon Crawl Stone Soup version 0.30-a0-972-gf3ab3527aa (webtiles) character file.

Game seed: 13409252629441005681

774 repsag the Trooper (level 7, -10/63 HPs)
             Began as a Minotaur Berserker on Mar 30, 2023.
             Was a Believer of Trog.
             Mangled by Joseph
             ... wielding a +0 quarterstaff
              (17 damage)
             ... on level 7 of the Dungeon on Mar 31, 2023.
             The game lasted 00:56:19 (5314 turns).

repsag the Trooper (Minotaur Berserker)             Turns: 5314, Time: 00:56:20

Health: -10/63     AC: 12    Str: 24    XL:     7   Next: 53%
Magic:  6/6        EV:  7    Int:  4    God:    Trog [**....]
Gold:   245        SH:  0    Dex:  9    Spells: 6/6 levels left

rFire   . . .      SeeInvis .    a - +0 falchion
rCold   . . .      Faith    .    (no shield)
rNeg    . . .      Spirit   .    c - +0 plate armour
rPois   .          Reflect  .    (helmet restricted)
rElec   .          Rampage  .    (no cloak)
rCorr   .                        (no gloves)
Will    .....                    (no boots) Stlth
                                 (no amulet)
HPRegen 0.30/turn                (no ring)
MPRegen 0.10/turn                (no ring)

@: on berserk cooldown
A: horns 2, retaliatory headbutt
a: Renounce Religion, Berserk, Trog's Hand


You were on level 7 of the Dungeon.
You worshipped Trog.
Trog was pleased with you.
You visited 1 branch of the dungeon, and saw 5 of its levels.

You collected 245 gold pieces.

Inventory:

Hand Weapons
 a - a +0 falchion (weapon)
 f - a +0 scythe
 h - a +2 antimagic sling
Missiles
 d - 46 stones (quivered)
Armour
 c - a +0 plate armour (worn)
Scrolls
 i - a scroll of fog {unknown}
Potions
 b - a potion of curing
 e - 2 potions of attraction
 g - 2 potions of haste
 j - a potion of flight


   Skills:
 + Level 6.2 Fighting
 + Level 6.0 Long Blades
 + Level 3.7 Ranged Weapons
 + Level 6.2 Armour
 + Level 2.3 Dodging
 + Level 0.1 Stealth


You had 6 spell levels left.
You didn't know any spells.
Your spell library was empty.

Dungeon Overview and Level Annotations

Branches:
Dungeon (4/15)
 Temple: D:4-7

Altars:
Dithmenos
Xom

Shops:
D:1 [

Annotations:
D:7 Joseph


Innate Abilities, Weirdness & Mutations

You have a pair of horns on your head.
You reflexively headbutt those who attack you in melee.


Message History

The orc wizard is heavily wounded.
The orc wizard hits you with a +0 dagger.
Unknown command.
You closely miss the orc wizard. Your headbutt misses the orc wizard.
The orc wizard is heavily wounded.
The orc wizard hits you but does no damage.
The orc wizard points at you and mumbles some strange words.
The magic dart hits you.
You barely miss the orc wizard. You headbutt the orc wizard!
You kill the orc wizard!
Trog accepts your kill.
Trog appreciates your killing of a magic user.
You feel the effects of Trog's Hand fading.
Joseph, a Mercenary comes into view.
He is wielding a +0 quarterstaff.
Things that are here:
a +0 dagger; a +0 robe Joseph shouts!
Joseph unwields a +0 quarterstaff.
Joseph wields a +0 sling.
Joseph shoots a sling bullet.
The sling bullet hits you!
Things that are here:
a +0 short sword; a kobold corpse Your skin stops crawling.
You feel less strong-willed.
Joseph unwields a +0 sling.
Joseph wields a +0 quarterstaff.
Joseph hits you but does no damage.
Joseph shouts, "I love to fight!
I love killing!"
Joseph hits you with a +0 quarterstaff!
* * * LOW HITPOINT WARNING * * *
You hit Joseph. You headbutt Joseph.
Joseph is lightly wounded.
You feel yourself speed up. Joseph closely misses you.
Joseph hits you but does no damage.
You hit Joseph. You headbutt Joseph.
Joseph is moderately wounded.
Joseph hits you with a +0 quarterstaff.
* * * LOW HITPOINT WARNING * * *
You hit Joseph.
Joseph is moderately wounded.
Joseph says, "I'm happy to see you. And I'll be happy to kill you."
Joseph hits you with a +0 quarterstaff!
You die...

##..#..........#
###.#...........
#.....#....#..
##...###...#..
##).#.##.....
#.)..........
###))..?.....
#..##))).#.....#
#.=.....@#....##
#.....?.@......#
......###.....#..
####.. .....## #
#..# ....## ....
..#... .... ..
.... ... .....


You could see Joseph.

Vanquished Creatures
  Sigmund (D:2)
  An orc warrior (D:7)
  A kobold brigand (D:7)
  A scorpion (D:4)
  An orc priest (D:3)
  3 iguanas (D:4)
  Jessica (D:2)
  Natasha (thrice) (D:2)
  An orc wizard (D:7)
  4 gnolls (D:4)
  2 adders
  A worm (D:3)
  A dart slug (D:3)
  8 orcs
  5 ball pythons
  6 endoplasms
  5 giant cockroaches
  9 goblins
  8 hobgoblins
  3 jackals (D:2)
  2 quokkas (D:1)
  6 bats
  3 frilled lizards
  11 kobolds
  6 rats
93 creatures vanquished.

Vanquished Creatures (others)
  15 plants (D:1)
15 creatures vanquished.

Grand Total: 108 creatures vanquished

Notes
Turn   | Place    | Note
-------+----------+-------------------------------------------
     0 | D:1      | repsag the Minotaur Berserker began the quest for the Orb.
     0 | D:1      | Reached XP level 1. HP: 19/19 MP: 0/0
    43 | D:1      | Found Kuboes's Antique Armour Shop.
   172 | D:1      | Reached XP level 2. HP: 27/27 MP: 1/1
   530 | D:1      | Found a faded altar of an unknown god.
  1525 | D:2      | Reached ** piety under Trog
  1526 | D:2      | Reached XP level 3. HP: 33/33 MP: 2/2
  1575 | D:2      | Noticed Natasha
  1585 | D:2      | Killed Natasha
  1586 | D:2      | Reached skill level 1 in Ranged Weapons
  1710 | D:2      | Noticed Natasha
  1719 | D:2      | Reached XP level 4. HP: 40/40 MP: 1/3
  1719 | D:2      | Killed Natasha
  1749 | D:2      | Found the +1 cloak of Starlight {*Dazzle EV+4 Stlth--}
  1757 | D:2      | Noticed Sigmund
  1809 | D:2      | Killed Sigmund
  1810 | D:2      | Reached skill level 5 in Long Blades
  1810 | D:2      | Reached XP level 5. HP: 17/47 MP: 4/4
  1988 | D:2      | Noticed Natasha
  2009 | D:2      | Killed Natasha
  2010 | D:2      | Reached XP level 6. HP: 20/53 MP: 2/5
  2286 | D:2      | Noticed Jessica
  2298 | D:2      | Killed Jessica
  2299 | D:2      | Reached skill level 5 in Fighting
  2774 | D:3      | Found a shadowy altar of Dithmenos.
  3173 | D:3      | Found a shimmering altar of Xom.
  3502 | D:4      | Reached skill level 5 in Armour
  3580 | D:4      | Upgraded the game from 0.30-a0-965-g42e074c17a to
                  | 0.30-a0-972-gf3ab3527aa
  3898 | D:4      | Reached XP level 7. HP: 61/61 MP: 6/6
  5240 | D:4      | You fall into a shaft and drop 3 floors!
  5307 | D:7      | Noticed Joseph
  5314 | D:7      | Mangled by Joseph

Illustrated notes

Levels and vault maps discovered:
D:1:      minmay_arrival_doors, layout_loops_cross, serial_bayou,
          serial_bayou_shore_b, serial_bayou_pond_c, serial_bayou_crossing,
          serial_bayou_pond_b, basic_ecumenical_altar, serial_shops,
          nicolae_shop_competitors_out_of_business, minmay_split_cup_small
D:2:      layout_loops_cross, uniq_jessica, uniq_natasha, uniq_sigmund
D:3:      layout_basic, xom_confusion_cloud, grunt_dithmenos_smoke_and_mirrors,
          grunt_ministairs_15, dreamdust_princess_bridge
D:4:      layout_layer_cave
D:7:      cheibrodos_fzero, layout_cave_pools, okawaru_metal_pillars_1_2,
          mainiacjoe_overflow_brackets, lemuel_tele_altar, uniq_menkaure,
          uniq_duvessa, uniq_joseph

Skill      XL: |  1  2  3  4  5  6  7 |
---------------+----------------------+-----
Fighting       | 4 5 6 |  6.2
Long Blades    | 4 5 6 |  6.0
Armour         | 3 4 5 6 |  6.2
Ranged Weapons | 1 3 |  3.7
Dodging        | |  2.3
Stealth        | |  0.1

Action                     |  1- 3 |  4- 6 |  7- 9 || total
---------------------------+-------+-------+-------++-------
  Melee: Falchion          |    80 |   126 |    46 ||   252
         Punch             |     1 |       |     1 ||     2
         Headbutt          |    15 |    21 |    13 ||    49
         Halberd           |       |     7 |       ||     7
   Fire: Sling             |    36 |    17 |       ||    53
 Invoke: Berserk           |     2 |     5 |     1 ||     8
         Trog's Hand       |       |     2 |     1 ||     3
    Use: Potion            |     3 |     6 |     1 ||    10
 Armour: Plate armour      |    35 |    68 |    61 ||   164
  Dodge: Dodged            |    24 |    43 |    23 ||    90

Table legend: (Time is in decaauts)
 A = Elapsed time spent in this place.
 B = Non-inter-level travel time spent in this place.
 C = Inter-level travel time spent in this place.
 D = Time resting spent in this place.
 E = Time spent auto-exploring this place.
 F = Levels seen in this place.
 G = Mean time per level.
                   A        B        C        D        E       F      G
               +--------+--------+--------+--------+--------+-----+--------+
         Total |   5516 |   5516 |      0 |    370 |      0 |   5 | 1103.2 |
       Dungeon |   5516 |   5516 |      0 |    370 |      0 |   5 | 1103.2 |
               +--------+--------+--------+--------+--------+-----+--------+

Top non-repeatable levels by time:
     D:4: 1856 daAuts
     D:1: 1420 daAuts
     D:2: 1262 daAuts
     D:3: 898 daAuts
     D:7: 78 daAuts
